 Dungeon Crawl Stone Soup version 0.31-a0-472-g43a2ca8e1b (webtiles) character file.

Game seed: 16318865590835077901

2156 Ethylacetat the Changeling (level 9, 0/62 HPs)
             Began as an Octopode Shapeshifter on Aug 6, 2023.
             Was an Initiate of Gozag.
             Slain by an ice beast (8 damage)
             ... on level 7 of the Dungeon.
             The game lasted 00:08:07 (6368 turns).

Ethylacetat the Changeling (Octopode Shapeshifter)  Turns: 6368, Time: 00:08:09

Health: 0/62       AC:  1    Str: 14    XL:     9   Next: 31%
Magic:  9/9        EV: 13    Int: 10    God:    Gozag
Gold:   262        SH:  5    Dex: 17    Spells: 8/8 levels left

rFire   . .          .
                       - Unarmed
rCold   . . .        (no shield)
rNeg    . . .        (helmet currently unavailable)
rPois   .            f - amulet of reflection
rElec   .            p - ring of flight
rCorr   .            (no ring)
SInv    .            (no ring)
Will    .....        (no ring)
Stlth   +++          (no ring)
HPRegen 0.30/turn    (no ring)
MPRegen 0.11/turn    (no ring)
                     (no ring)

%: reflection
@: beast-form, flying
A: beast (slay +5), almost no armour, amphibious, 8 rings, camouflage 1,
gelatinous body 1, (nimble swimmer 1), tentacles
a: Begin Untransformation, Renounce Religion, Potion Petition, Call Merchant,
Bribe Branch


You were on level 7 of the Dungeon.
You worshipped Gozag.
Gozag was aware of your devotion.
You were a hulking beast.
You visited 2 branches of the dungeon, and saw 8 of its levels.

You collected 377 gold pieces.
You paid 115 gold pieces to Gozag.

Inventory:

Jewellery
 f - an amulet of reflection (around mantle)
 p - a ring of flight (left tentacle)
Talismans
 b - a beast talisman (active)
Wands
 r - a wand of flame (23)
 y - a wand of digging (4)
Scrolls
 d - 4 scrolls of teleportation {unknown}
 e - a scroll of poison {unknown}
 g - a scroll of enchant weapon {unknown}
 h - a scroll of amnesia {unknown}
 j - 2 scrolls of identify {unknown}
 k - a scroll of torment {unknown}
 l - 3 scrolls of immolation {unknown}
 o - a scroll of brand weapon {unknown}
 s - a scroll of vulnerability {unknown}
 v - a scroll of blinking {unknown}
Potions
 a - a potion of lignification
 c - a potion of degeneration {unknown}
 i - 5 potions of heal wounds
 m - a potion of might {unknown}
 n - a potion of cancellation {unknown}
 q - 2 potions of resistance {unknown}
 t - a potion of haste {unknown}
 u - 2 potions of attraction {unknown}
 w - 2 potions of brilliance {unknown}
 x - a potion of ambrosia {unknown}
 z - a potion of curing {unknown}


   Skills:
 + Level 6.0 Fighting
 - Level 2.0 Dodging
 + Level 6.7 Unarmed Combat
 * Level 7.8 Shapeshifting


You had 8 spell levels left.
You didn't know any spells.
Your spell library contained the following spells:

 Spells                   Type           Power      Damage    Failure   Level
 Summon Small Mammal      Summ           0%         N/A       36%         1
 Blink                    Tloc           0%         N/A       50%         2
 Lesser Beckoning         Tloc           0%         N/A       50%         2
 Momentum Strike          Conj/Tloc      0%         3d8       50%         2
 Sublimation of Blood     Necr           0%         N/A       50%         2
 Wereblood                Tmut           0%         N/A       50%         2
 Call Canine Familiar     Summ           0%         N/A       75%         3
 Ozocubu's Armour         Ice            0%         N/A       75%         3
 Summon Guardian Golem    Hex/Summ       0%         N/A       75%         3
 Ozocubu's Refrigeration  Ice            0%         4d7       100%        7
 Summon Hydra             Summ           0%         N/A       100%        7


Dungeon Overview and Level Annotations

Branches:
Dungeon (7/15)             Temple (1/1) D:7

Altars:
Ashenzari
Cheibriados
Dithmenos
Elyvilon
Fedhas
Gozag
Hepliaklqana
Kikubaaqudgha
Nemelex Xobeh
Okawaru
Qazlal
Ru
Sif Muna
Uskayaw
Vehumet
Wu Jian
Xom
Yredelemnul
Zin
The Shining One


Innate Abilities, Weirdness & Mutations

You are a hulking beast.
Your limbs bulge with bestial killing power. (Slay +5)
You cannot wear most types of armour.
You are amphibious.
You can wear up to eight rings at the same time.
Your skin changes colour to match your surroundings (Stealth+).
Your rubbery body absorbs attacks. (AC +1, EV +1)
((You are camouflaged when in or above water. (Stealth+)))
You have tentacles for arms and can constrict up to eight enemies at once.


Message History

You squeeze the shadow imp.
You kill the shadow imp!
You now have 218 gold pieces (gained 4).
HP restored.
You now have 228 gold pieces (gained 10).
z - an orange potion
Found an escape hatch in the ceiling.
You now have 246 gold pieces (gained 18).
There is an escape hatch in the ceiling here.
You now have 262 gold pieces (gained 16).
An ice beast comes into view.
An ice beast is nearby!
The ice beast hits you. The ice beast freezes you!
You bludgeon the ice beast!
You squeeze the ice beast, but do no damage.
The ice beast is moderately wounded.
The ice beast closely misses you.
You barely miss the ice beast.
The ice beast is moderately wounded.
The ice beast hits you. The ice beast freezes you!
You closely miss the ice beast.
Your tentacle-slap misses the ice beast.
The ice beast is moderately wounded.
The ice beast hits you. The ice beast freezes you!
You are too injured to fight recklessly!
You barely miss the ice beast.
You squeeze the ice beast, but do no damage.
The ice beast is moderately wounded.
The ice beast completely misses you.
You closely miss the ice beast.
The ice beast is moderately wounded.
The ice beast hits you. The ice beast freezes you!
* * * LOW HITPOINT WARNING * * *
You tentacle-slap the ice beast but do no damage.
The ice beast is moderately wounded.
The ice beast hits you.
* * * LOW HITPOINT WARNING * * *
The ice beast freezes you!
You die...
Your body crumbles into a pile of gold.

#.......## #.....## #
######..# #...#...##
##
#..###..##....######.
#...#..##...#...##...
#......#...###.....##
#..........# ##...##
#.##.........## #...#
#...........# #..##
##....h....## #...#
#.....Y...# #...#
#..........# #...# #
#.###.......#
....#### ## ###......
..... ##.... ....#
##.... .# ..... #
#..# ###


You could see an ice beast.

Vanquished Creatures
  Grinder (D:3)
  Sigmund (D:5)
  Edmund (D:5)
  Duvessa (D:4)
  2 sky beasts (D:7)
  An orc warrior (D:6)
  A centaur (D:5)
  2 ogres
  Blork the orc (D:4)
  A scorpion (D:4)
  Dowan (D:4)
  3 howler monkeys
  3 gnoll boudas
  2 jellies
  2 hounds
  Crazy Yiuf (D:3)
  3 orc priests
  Natasha (thrice) (D:3)
  An iguana (D:5)
  2 orc wizards (D:6)
  12 gnolls
  7 adders
  A shadow imp (D:7)
  A white imp (D:6)
  An ufetubus (D:6)
  A worm (D:3)
  4 dart slugs
  19 orcs
  4 endoplasms
  2 giant cockroaches (D:1)
  A goblin (D:3)
  6 hobgoblins
  2 kobolds
  A quokka (D:2)
  5 ball pythons
  11 bats
  4 frilled lizards
  7 rats
122 creatures vanquished.

Notes
Turn   | Place    | Note
-------+----------+-------------------------------------------
     0 | D:1      | Ethylacetat the Octopode Shapeshifter began the quest for
                  | the Orb.
     0 | D:1      | Reached XP level 1. HP: 13/13 MP: 1/1
    59 | D:1      | Reached XP level 2. HP: 12/18 MP: 2/2
   677 | D:2      | Reached XP level 3. HP: 23/23 MP: 3/3
  1790 | D:3      | Noticed Natasha
  1794 | D:3      | Killed Natasha
  1795 | D:3      | Reached XP level 4. HP: 29/29 MP: 4/4
  1800 | D:3      | Noticed Natasha
  1805 | D:3      | Killed Natasha
  1806 | D:3      | Reached skill level 4 in Shapeshifting
  2121 | D:3      | Reached XP level 5. HP: 35/35 MP: 5/5
  2401 | D:3      | Noticed Natasha
  2410 | D:3      | Killed Natasha
  2424 | D:3      | Found a runed translucent door.
  2425 | D:3      | Noticed Crazy Yiuf
  2441 | D:3      | Noticed Grinder
  2448 | D:3      | Paralysed by Grinder for 4 turns
  2463 | D:3      | Killed Grinder
  2464 | D:3      | Reached skill level 5 in Shapeshifting
  2464 | D:3      | Reached XP level 6. HP: 40/42 MP: 6/6
  2649 | D:3      | Killed Crazy Yiuf
  2726 | D:4      | Noticed Blork the orc
  2735 | D:4      | Killed Blork the orc
  2736 | D:4      | Reached XP level 7. HP: 46/46 MP: 7/7
  2933 | D:4      | Noticed Duvessa
  2933 | D:4      | Noticed Dowan
  2940 | D:4      | Killed Dowan
  2941 | D:4      | Reached skill level 5 in Unarmed Combat
  2951 | D:4      | Killed Duvessa
  3210 | D:4      | Found a sparkling altar of Nemelex Xobeh.
  3212 | D:4      | Found a glowing silver altar of Zin.
  3421 | D:5      | Entered Level 5 of the Dungeon
  3426 | D:5      | Noticed Edmund
  3434 | D:5      | Killed Edmund
  3435 | D:5      | Reached skill level 6 in Shapeshifting
  3435 | D:5      | Reached XP level 8. HP: 28/54 MP: 8/8
  4060 | D:5      | Noticed Sigmund
  4066 | D:5      | Killed Sigmund
  4067 | D:5      | Reached skill level 5 in Fighting
  4628 | D:6      | Reached skill level 7 in Shapeshifting
  5342 | D:6      | Reached XP level 9. HP: 50/61 MP: 9/9
  6107 | D:7      | Found a staircase to the Ecumenical Temple.
  6123 | Temple   | Entered the Ecumenical Temple
  6128 | Temple   | Became a worshipper of Gozag Ym Sagoz the Greedy
  6368 | D:7      | Slain by an ice beast

Illustrated notes

Levels and vault maps discovered:
D:1:      dpeg_arrival_orchard, layout_basic, dreamdust_mushroom_princess,
          nrook_mini_backslash, grunt_decor_one_mirror
D:2:      layout_loops_corners
D:3:      layout_basic, minivault_14, minmay_misc_feat_diagonals,
          minmay_misc_feat_more_columns, uniq_grinder, uniq_crazy_yiuf_cottage,
          uniq_natasha
D:4:      layout_basic, minitemple, uniq_duvessa, uniq_blork_the_orc
D:5:      layout_loops_ring, uniq_sigmund, uniq_edmund
D:6:      layout_basic, chequers_serial_rivers_small_b, serial_bayou_pond_a
D:7:      layout_layer_cave, minmay_temple_entry_waves
Temple:   dpeg_three_leaves_temple

Skill      XL: |  1  2  3  4  5  6  7  8  9 |
---------------+----------------------------+-----
Fighting       | 2 3 4 5 6 |  6.0
Shapeshifting  | 4 5 6 7 |  7.8
Unarmed Combat | 4 5 6 |  6.7
Dodging        | |  2.0

Action                     |  1- 3 |  4- 6 |  7- 9 || total
---------------------------+-------+-------+-------++-------
  Melee: Unarmed           |    73 |    41 |   187 ||   301
         Constrict         |    19 |    12 |    48 ||    79
         Tentacles         |     9 |     8 |    45 ||    62
         Punch             |       |     2 |    13 ||    15
    Use: Potion            |       |     2 |     2 ||     4
   Stab: Sleeping          |    12 |       |     2 ||    14
         Distracted        |     1 |       |       ||     1
 Armour: Skin              |     3 |     8 |    22 ||    33
  Dodge: Dodged            |    37 |    19 |    69 ||   125
  Block: Other             |    11 |     7 |    29 ||    47

Table legend: (Time is in decaauts)
 A = Elapsed time spent in this place.
 B = Non-inter-level travel time spent in this place.
 C = Inter-level travel time spent in this place.
 D = Time resting spent in this place.
 E = Time spent auto-exploring this place.
 F = Levels seen in this place.
 G = Mean time per level.
                   A        B        C        D        E       F      G
               +--------+--------+--------+--------+--------+-----+--------+
         Total |   6355 |   6207 |    148 |    467 |   4920 |   8 |  794.4 |
       Dungeon |   6344 |   6200 |    144 |    467 |   4920 |   7 |  906.3 |
        Temple |     10 |      6 |      4 |      0 |      0 |   1 |   10.0 |
               +--------+--------+--------+--------+--------+-----+--------+

Top non-repeatable levels by time:
     D:6: 1420 daAuts
     D:3: 1100 daAuts
     D:5: 1050 daAuts
     D:2: 962 daAuts
     D:4: 690 daAuts
     D:1: 669 daAuts
     D:7: 451 daAuts
  Temple: 10 daAuts
